 Dungeon Crawl Stone Soup version 0.26.1-11-gd32895ea62 (webtiles) character file.

Game seed: 6305355972334083870

24 eccles the Ruffian (level 2, 0/23 HPs)
             Began as a Draconian Transmuter on June 28, 2021.
             Slain by an adder (3 damage)
             ... on level 2 of the Dungeon.
             The game lasted 00:05:59 (825 turns).

eccles the Ruffian (Draconian Transmuter)            Turns: 825, Time: 00:06:00

Health: 0/23       AC:  4    Str: 12    XL:     2   Next: 79%
Magic:  5/5        EV: 12    Int: 13    God:
Gold:   51         SH:  0    Dex: 11    Spells: 4/5 levels left

rFire    . . .     SeeInvis .     - Unarmed
rCold    . . .     Faith    .   (no shield)
rNeg     . . .     Spirit   .   (armour unavailable)
rPois    .         Reflect  .   (helmet restricted)
rElec    .         Harm     .   (no cloak)
rCorr    .         Rampage  .   (no gloves)
Will     .....                  (no boots)
Stlth    +.........             (no amulet)
HPRegen  0.07/turn              (no ring)
MPRegen  0.09/turn              (no ring)

@: lethally poisoned (0 -> -3), flying
A: unfitting armour, cold-blooded, AC +4
a: no special abilities


You were on level 2 of the Dungeon.
You visited 1 branch of the dungeon, and saw 2 of its levels.

You collected 51 gold pieces.

Inventory:

Hand Weapons
 a - a +0 hunting sling
Missiles
 e - 9 stones (quivered)
 f - 21 arrows
Jewellery
 h - a +6 ring of intelligence {unknown}
 l - a +4 ring of slaying {unknown}
Scrolls
 i - a scroll of fear {unknown}
 k - a scroll of remove curse {unknown}
 m - a scroll of enchant armour {unknown}
Potions
 b - 2 potions of curing {unknown}
 c - 2 potions of attraction {unknown}
 d - 2 potions of heal wounds {unknown}
 g - 3 potions of flight
 j - a potion of ambrosia {unknown}


   Skills:
 + Level 1.1 Fighting
 + Level 2.3 Dodging
 + Level 3.6 Unarmed Combat
 + Level 2.1 Spellcasting
 + Level 2.0 Transmutations


You had 4 spell levels left.
You knew the following spells:

 Your Spells              Type           Power        Failure   Level
a - Beastly Appendage     Tmut           12%          11%         1

Your spell library contained the following spells:

 Spells                   Type           Power        Failure   Level
 Wereblood                Tmut           6%           17%         2
 Spider Form              Tmut/Pois      2%           45%         3
 Ice Form                 Ice/Tmut       4%           86%         4
 Blade Hands              Tmut           3%           97%         5


Dungeon Overview and Level Annotations

Branches:
Dungeon (2/15)

Altars:


Innate Abilities, Weirdness & Mutations

Your plain brown scales are hard. (AC +4)
You cannot fit into any form of body armour.
You are cold-blooded and may be slowed by cold attacks.


Message History

The quokka is almost dead.
Your horns disappear.
Your talons disappear.
The adder barely misses you. The quokka bites you. The adder bites you.
You are poisoned.
The adder poisons you!
You closely miss the adder.
The adder is severely wounded.
You feel sick. The quokka bites you.
* * * LOW HITPOINT WARNING * * *
The adder closely misses you.
You closely miss the adder.
Your tail-slap misses the adder.
The adder is severely wounded.
The quokka bites you but does no damage.
The adder barely misses you.
It was a potion of flight.
You feel very buoyant.
You fly up into the air.
* * * LOW HITPOINT WARNING * * *
You feel sick. The quokka barely misses you. The adder bites you.
You die...

#....#..†.....
###########....#........
(........##....##.......
.........##.............
.......>.##....###......
.........##.....##...#..
.........###.##.##...#.#
......†r.##.........##..
......S@............. ..
......................#.
................##.#.. .
......############.##. .
...... ...... .....
#####


You could see an adder and a quokka.

Vanquished Creatures
  A dart slug (D:1)
  2 leopard geckos (D:1)
  A ball python (D:2)
  2 hobgoblins (D:1)
  A quokka (D:2)
  A bat (D:2)
  3 goblins (D:1)
  5 kobolds (D:1)
  3 rats
  A toadstool (D:1)
20 creatures vanquished.

Vanquished Creatures (others)
  3 toadstools (D:1)
3 creatures vanquished.

Grand Total: 23 creatures vanquished

Notes
Turn   | Place    | Note
-------+----------+-------------------------------------------
     0 | D:1      | eccles the Draconian Transmuter began the quest for the
                  | Orb.
     0 | D:1      | Reached XP level 1. HP: 16/16 MP: 3/3
   360 | D:1      | Reached XP level 2. HP: 23/23 MP: 5/5
   825 | D:2      | Slain by an adder

Illustrated notes

Levels and vault maps discovered:
D:1:      ldierk_water_garden, layout_loops_ring, hangedman_decor_growths
D:2:      minmay_diamond_boxcup, layout_basic

Skill      XL: |  1 |
---------------+----+-----
Dodging        | 2 |  2.3
Fighting       | |  1.1
Unarmed Combat | |  3.6
Spellcasting   | |  2.1
Transmutations | |  2.0

Action                   || total
-------------------------++-------
Melee: Unarmed           ||    70
       Kick              ||     8
       Tailslap          ||     8
       Headbutt          ||     3
       Punch             ||     2
 Cast: Beastly Appendage ||     5
  Use: Potion            ||     1
Armor: Skin              ||    17
Dodge: Dodged            ||    58
